AoeStats
← 大王同学

African Clearing

503822519Analyzed
4v4 RM · 29d ago on Sep 2, 2026· 34m 3s· 8 players
Game mode
Random Map
Map size
Large (8 player)
Population
200
Speed
Normal
Resources
Standard
Victory
Conquest
Starting age
Dark Age
Ending age
Imperial Age
RankedLock teamsTeams togetherTeam positionsShared explorationLock speedFull tech treeHidden civsTurbo modeCheats
Victory
Defeat
🇹🇼 Portuguese · Taiwan
1320
+11
🇨🇳 Cumans · China
1312
+12
🇩🇪 Spanish · Germany
1256
+14
🇧🇾 Muisca · Belarus
1210
+16
🇭🇰 Berbers · Hong Kong SAR China
1264
-16
🇨🇳 Burgundians · China
1241
-14
1210
-13
🇨🇳 Chinese · China
1155
-11
Bachmann
4:57 Loom
15:10 Feudal Age
19:56 Castle Age
22:01 Horse Collar
28:33 Double-Bit Axe
Turmaliner
5:48 Loom
13:25 Feudal Age
13:40 Champi Runner
14:20 Double-Bit Axe
14:20 Horse Collar
17:22 Wheelbarrow
19:27 Scale Mail Armor
22:20 Castle Age
21:32 Stone Mining
21:42 Gold Mining
22:53 Forging
22:51 Champi Warrior
24:12 Squires
25:39 Fletching
30:21 Hand Cart
タンヤ
10:36 Loom
12:54 Feudal Age
13:28 Double-Bit Axe
15:12 Fletching
29:45 Castle Age
入秋
3:44 Loom
13:45 Feudal Age
14:49 Double-Bit Axe
17:46 Horse Collar
22:28 Castle Age
21:44 Wheelbarrow
22:02 Bloodlines
24:39 Forging
25:47 Iron Casting
25:18 Scale Barding Armor
26:44 Gold Mining
26:46 Stone Mining
28:13 Bow Saw
28:06 Heavy Plow
29:06 Gold Shaft Mining
31:27 Chain Barding Armor
34:21 Hand Cart
大王同学
14:17 Feudal Age
14:30 Loom
17:49 Castle Age
15:50 Double-Bit Axe
16:13 Stone Mining
16:13 Gold Mining
18:41 Bow Saw
18:54 Fletching
19:58 Husbandry
23:13 Bodkin Arrow
26:09 Padded Archer Armor
26:22 Bloodlines
27:41 Leather Archer Armor
28:55 Wheelbarrow
28:06 Town Watch
30:48 Ballistics
31:30 Stone Shaft Mining
31:33 Gold Shaft Mining
33:26 Hand Cart
32:57 Town Watch
33:38 Scale Barding Armor
方霍霍
15:40 Feudal Age
20:20 Castle Age
19:12 Double-Bit Axe
21:59 Fletching
22:09 Padded Archer Armor
哭稀饭(2125613428)
5:58 Loom
11:18 Feudal Age
12:39 Feudal Age
13:04 Feudal Age
13:12 Champi Runner
15:19 Scale Mail Armor
15:29 Forging
21:54 Castle Age
22:07 Castle Age
23:12 Chain Mail Armor
23:24 Elite Skirmisher
23:55 Fletching
25:47 Champi Warrior
25:58 Champi Warrior
26:39 Bodkin Arrow
Wosnwbwk
5:09 Loom
13:59 Feudal Age
19:50 Castle Age
Connection lost

Rejoining the realm…

Still unreachable

The connection could not be restored.

Session expired

The server has moved on; the page needs a fresh start.